 Dungeon Crawl Stone Soup version 0.22-b1-21-g5cfc168 (webtiles) character file.

43 tyranidshit the Skirmisher (level 3, -1/31 HPs)
             Began as a Demonspawn Abyssal Knight on Aug 3, 2018.
             Was a Follower of Lugonu.
             Slain by a gnoll
             ... wielding a +0 flail
              (5 damage)
             ... on level 2 of the Dungeon.
             The game lasted 00:02:23 (1097 turns).

tyranidshit the Skirmisher (DsAK)                   Turns: 1097, Time: 00:02:23

Health: -1/31      AC:  8    Str: 10 (13) XL:     3   Next: 37%
Magic:  4/4        EV:  6    Int: 11 (13) God:    Lugonu [*.....]
Gold:   97         SH:  0    Dex: 11 (12) Spells: 2/2 levels left

rFire    . . .     SeeInvis .   a - +1 hand axe
rCold    . . .     Gourm    .   (no shield)
rNeg     . . .     Faith    .   h - +0 chain mail
rPois    .         Spirit   .   (no helmet)
rElec    .         Reflect  .   (no cloak)
rCorr    .         Harm     .   (no gloves)
MR       .....                  (no boots)
Stlth    ..........             (no amulet)
HPRegen  0.10/turn              (no ring)
MPRegen  0.09/turn              (no ring)

@: no status effects
A: hooves 1, sturdy frame 1
a: Depart the Abyss, Renounce Religion


You were on level 2 of the Dungeon.
You worshipped Lugonu.
Lugonu was aware of your devotion.
You were not hungry.

You visited 1 branch of the dungeon, and saw 2 of its levels.
You visited the Abyss 1 time.

You collected 97 gold pieces.

Inventory:

Hand Weapons
 a - a +1 hand axe (weapon)
Armour
 b - a +0 leather armour
 h - a +0 chain mail (worn)
Jewellery
 f - an uncursed ring of ice
Wands
 e - a wand of polymorph (13)
Potions
 d - a potion of brilliance
Comestibles
 c - 2 rations


   Skills:
 + Level 4.5 Fighting
 - Level 1.7 Axes
 - Level 1.7 Armour
 - Level 0.8 Dodging
 - Level 2.4 Invocations


You had 2 spell levels left.
You didn't know any spells.
Your spell library was empty.

Dungeon Overview and Level Annotations

Branches:
Dungeon (2/15)

Altars:


Innate Abilities, Weirdness & Mutations

You have large cloven feet.
Your movements are slightly less encumbered by armour. (ER -2)


Message History

There was something very wrong with that liquid.
You feel weakened.
You feel dopey.
You feel clumsy. The gnoll hits you with a whip.
* * * LOW HITPOINT WARNING * * *
Your chain mail prevents you from hitting the gnoll.
You kick the gnoll.
The gnoll is heavily wounded.
The gnoll hits you with a whip.
* * * LOW HITPOINT WARNING * * *
Unknown command.
You completely miss the gnoll.
The gnoll is lightly wounded.
You barely miss the gnoll.
The gnoll is lightly wounded.
The gnoll barely misses you.
Unknown command.
Your chain mail prevents you from hitting the gnoll.
The gnoll is lightly wounded.
The gnoll hits you with a flail.
You die...

###.....## *#.#* *,
#....(...## #.# *,
#.........# #.# *,
#..##.##..# ##'## **
#..##.##..# ##...##
#.........# ##.....##
#........## ##.......## #
#####...)####.........####
#....@gggg............
##....####.............
##..#..## ##.......#.###
##.#.###(## ##.....##.# #
#.##..###.# ##...###.###
##.##.##.## ##'## #....
##.#.#.## ####.######.#
####...#### #........##.#
#.........# #.##.###.##.#


You could see 4 gnolls.

Vanquished Creatures
  An adder (D:2)
  A worm (D:2)
  2 dart slugs (D:1)
  A leopard gecko (D:2)
  A ball python (D:2)
  A giant cockroach (D:1)
  3 goblins (D:1)
  4 hobgoblins (D:1)
  4 kobolds
  3 bats (D:1)
  3 frilled lizards (D:1)
  4 rats
28 creatures vanquished.

Notes
Turn   | Place    | Note
-------+----------+-------------------------------------------
     0 | Abyss:1  | tyranidshit the Demonspawn Abyssal Knight began the quest for the Orb.
     0 | Abyss:1  | Reached XP level 1. HP: 18/18 MP: 2/2
    97 | Abyss:2  | Noticed a freezing wraith
   111 | Abyss:2  | Noticed a thrashing horror
   114 | D:1      | Escaped the Abyss
   358 | D:1      | Gained mutation: Your movements are slightly less encumbered by armour. (ER -2) [demonic ancestry]
   358 | D:1      | Reached XP level 2. HP: 23/24 MP: 3/3
   379 | D:1      | Reached * piety under Lugonu
   624 | D:1      | Reached skill level 4 in Fighting
   830 | D:2      | Gained mutation: You have large cloven feet. [demonic ancestry]
   830 | D:2      | Reached XP level 3. HP: 25/30 MP: 4/4
  1097 | D:2      | Slain by a gnoll

Skill      XL: |  1  2 |
---------------+-------+-----
Fighting       | 4 |  4.5
Axes           | |  1.7
Armour         | |  1.7
Dodging        | |  0.8
Invocations    | |  2.4

Action                   || total
-------------------------++-------
Melee: Hand axe          ||    89
       Kick              ||     7
Invok: Depart the Abyss  ||     1
  Use: Potion            ||     6
       Scroll            ||     2
  Eat: Ration            ||     1
Armor: Leather armour    ||    24
       Chain mail        ||    12
Dodge: Dodged            ||    51
